cohdb
Replays
Latest Replays
All Replays
Popular Replays
Top Player Replays
Match Explorer
How It Works
Community
CoH3 Stats
Reddit
Sign in to upload your games and track your stats! →
Sign in with Steam
Match 43998267
Unlisted
Match 43998267
Overview
Messages
Build Orders
End
Royal Engineer Section
Construct Section Command Post
Construct Section Command Post
Selects Australian Defense Battlegroup
Selects Australian Light Infantry Section
Dingo Light Scout Car
Australian Light Infantry Section
Infantry Section
Infantry Section
Construct Field Infirmary
Selects 2-pounder Anti-tank Gun Team
2-pounder Anti-tank Gun Team
Infantry Section
Grenade Package
Construct Platoon Command Post
Unlock M3 Stuart Light Tanks
Rei
Itaperuna
0
0
Comments
sign in to comment!
No comments posted yet!